 Dungeon Crawl Stone Soup version 0.24.0-125-gc4c63601f3 (webtiles) character file.

Game seed: 7034397360272822162, levelgen mode: deterministic

290 H0rd4k the Charlatan (level 6, -5/46 HPs)
             Began as a Human Artificer on Mar 17, 2020.
             Slain by a river rat (6 damage)
             ... on level 4 of the Dungeon.
             The game lasted 00:04:49 (3861 turns).

H0rd4k the Charlatan (Human Artificer)              Turns: 3861, Time: 00:04:50

Health: -5/46      AC:  4    Str: 13    XL:     6   Next: 58%
Magic:  8/8        EV: 12    Int: 11    God:
Gold:   139        SH:  3    Dex: 13    Spells: 5/5 levels left

rFire    . . .     SeeInvis .   x - +8 quarterstaff of Gozag's Regard {freeze, rElec MR+ Str-2}
rCold    . . .     Gourm    .   (shield currently unavailable)
rNeg     . . .     Faith    .   b - +0 leather armour
rPois    .         Spirit   .   o - +1 hat
rElec    +         Reflect  +   (no cloak)
rCorr    .         Harm     .   (no gloves)
MR       +....                  (no boots)
Stlth    +.........             w - +3 amulet of reflection
HPRegen  0.15/turn              (no ring)
MPRegen  0.11/turn              (no ring)

@: very slow
A: no striking features
a: no special abilities


You were on level 4 of the Dungeon.
You were hungry.

You visited 1 branch of the dungeon, and saw 4 of its levels.

You collected 139 gold pieces.

Inventory:

Hand Weapons
 a - a +0 short sword
 s - a +3 short sword
 x - the +8 quarterstaff of Gozag's Regard (weapon) {freeze, rElec MR+ Str-2}
   (You found it on level 4 of the Dungeon)

   It has been specially enchanted to freeze those struck by it, causing extra
   injury to most foes and up to half again as much damage against particularly
   susceptible opponents.
   It can also slow down cold-blooded creatures.
   It affects your strength (-2).
   It insulates you from electricity.
   It affects your resistance to hostile enchantments.
Armour
 b - a +0 leather armour (worn)
 o - a +1 hat (worn)
Jewellery
 w - a +3 amulet of reflection (around neck)
Wands
 c - a wand of flame (2)
 d - a wand of enslavement (14)
 e - a wand of random effects (7)
 t - a wand of digging (6)
Scrolls
 g - a scroll of fog {unknown}
 h - 3 scrolls of remove curse {unknown}
 k - 5 scrolls of identify {unknown}
 n - a scroll of enchant armour {unknown}
 u - 3 scrolls of fear {unknown}
Potions
 i - a potion of invisibility {unknown}
 j - a potion of curing {unknown}
 l - a potion of resistance {unknown}
 m - a potion of lignification {unknown}
 p - 3 potions of might {unknown}
 q - a potion of berserk rage {unknown}
 r - a potion of agility
 v - a potion of mutation {unknown}
Comestibles
 f - 9 rations


   Skills:
 + Level 2.6 Fighting
 + Level 3.4 Short Blades
 + Level 2.3 Armour
 + Level 2.6 Dodging
 + Level 1.6 Stealth
 + Level 3.9 Evocations


You had 5 spell levels left.
You didn't know any spells.
Your spell library was empty.

Dungeon Overview and Level Annotations

Branches:
Dungeon (4/15)
 Temple: D:4-7

Altars:
Vehumet

Annotations:
D:3 1 runed translucent door, Descartes's ghost, amateur BaSu


Message History

You hit the river rat. You freeze the river rat.
You kill the river rat!
The river rat barely misses you. The river rat bites you!
The worm splashes around in the water.
Things that are here:
a river rat corpse; an adder corpse You thump the worm!
You freeze the worm.
The worm is severely wounded.
The river rat closely misses you. The worm bites you!
* * * LOW HITPOINT WARNING * * *
You block the river rat's attack.
You hit the worm. You freeze the worm.
You kill the worm!
The river rat bites you.
* * * LOW HITPOINT WARNING * * *
You hit the river rat but do no damage. The river rat misses you.
You hit the river rat but do no damage. The river rat bites you!
* * * LOW HITPOINT WARNING * * *
The river rat bites you.
You die...

##### #...#####
##...#≈r≈#
#...≈#≈#@#
######...≈#≈#†#
#.......≈≈≈≈#≈≈
#...>....≈#≈#≈##
#........≈≈≈#≈≈
#.........#≈###
#........≈≈≈#
#####.......≈≈###
#........†........


You could see a river rat.

Vanquished Creatures
  A centaur skeleton (D:4)
  An orc wizard (D:3)
  A worker ant (D:4)
  9 adders
  A river rat (D:4)
  3 oozes
  4 worms
  3 leopard geckos
  5 orcs
  6 giant cockroaches
  21 goblins
  9 hobgoblins
  A quokka (D:2)
  4 bats
  A frilled lizard (D:1)
  8 kobolds
  A quokka skeleton (D:4)
  10 rats
89 creatures vanquished.

Vanquished Creatures (collateral kills)
  An adder (D:3)
1 creature vanquished.

Vanquished Creatures (others)
  An adder (D:3)
1 creature vanquished.

Grand Total: 91 creatures vanquished

Notes
Turn   | Place    | Note
-------+----------+-------------------------------------------
     0 | D:1      | H0rd4k the Human Artificer began the quest for the Orb.
     0 | D:1      | Reached XP level 1. HP: 15/15 MP: 3/3
   273 | D:1      | Reached XP level 2. HP: 19/21 MP: 4/4
   921 | D:1      | Reached XP level 3. HP: 19/26 MP: 5/5
  1246 | D:2      | Reached XP level 4. HP: 12/33 MP: 6/6
  1819 | D:2      | Reached skill level 1 in Armour
  2511 | D:2      | Reached XP level 5. HP: 36/38 MP: 7/7
  2853 | D:3      | Noticed Descartes's ghost (amateur BaSu)
  3089 | D:3      | Found a radiant altar of Vehumet.
  3137 | D:3      | Found a runed translucent door.
  3443 | D:4      | Reached XP level 6. HP: 31/45 MP: 8/8
  3802 | D:4      | Got a translucent quarterstaff
  3803 | D:4      | Identified the +8 quarterstaff of Gozag's Regard {freeze,
                  | rElec MR+ Str-2} (You found it on level 4 of the Dungeon)
  3861 | D:4      | HP: 1/46 [river rat (7)]
  3861 | D:4      | Slain by a river rat

Levels and vault maps discovered:
D:1:      lightli_arrival_statuegarden, layout_rooms
D:2:      layout_basic
D:3:      layout_basic, lemuel_coloured_pillars_altar, first_ration,
          hellmonk_ghost_happy_afterlife
D:4:      wad_lake_hut, layout_basic, lightli_sewer_entry_pipes, st_stairs_1

Skill      XL: |  1  2  3  4  5 |
---------------+----------------+-----
Short Blades   | 2 3 |  3.4
Fighting       | 2 |  2.6
Armour         | 1 2 |  2.3
Dodging        | |  2.6
Stealth        | |  1.6
Evocations     | |  3.9

Action                   |  1- 3 |  4- 6 || total
-------------------------+-------+-------++-------
Melee: Short sword       |   116 |   205 ||   321
       Quarterstaff      |       |    21 ||    21
Evoke: Wand              |     2 |    20 ||    22
 Stab: Sleeping          |       |     5 ||     5
  Eat: Chunk             |     1 |     8 ||     9
Armor: Leather armour    |    17 |    43 ||    60
Dodge: Dodged            |    52 |   122 ||   174
Block: Other             |       |     5 ||     5
